Map: Moonlight Madness LE (Void)

Players

EverZtelecoM (telecom) - Winner!

  • Race: Zerg Zerg
  • League: Platinum

love

  • Race: Protoss Protoss
  • League: Platinum

VOD

Have the link to the VOD?

Description

Time

  • Played on: Oct. 1, 2015, 1:24 p.m.
  • Length: 6:42
Show
View Real Time Build Order
Export as new Build Order

EverZtelecoM Zerg - Winner!

Build Orders: Pool First 

Get SALT Encoding   

  12  0:18  Spawning Pool  
  11  0:22  Drone  
  11  0:26  Drone  
  13  0:31  Drone  
  14  0:37  Extractor  
  14  0:38  Drone  
  15  0:45  Overlord  
  15  1:04  Queen  
  15  1:05  Zergling x4  
  19  1:16  Drone  
  20  1:27  Drone  
  21  1:35  Hatchery  
  21  1:37  Drone  
  21  1:48  Overlord  
  21  2:00  Drone  
  22  2:06  Queen  
  24  2:09  Drone  
  25  2:16  Zergling x8  
  29  2:28  Drone  
  29  2:41  Overlord  
  29  2:50  Drone x2  
  29  2:51  Drone  
  31  2:53  Drone  
  31  2:54  Hatchery  
  31  2:57  Drone  
  32  2:58  Drone  
  33  3:05  Drone  
  33  3:06  Drone  
  33  3:10  Drone  
  35  3:16  Drone  
  35  3:19  Drone x2  
  37  3:24  Drone x3  
  37  3:26  Drone  
  41  3:34  Drone x2  
  43  3:36  Overlord  
  43  3:37  Overlord  
  43  3:45  Drone  
  43  3:48  Drone, Extractor x2  
  43  3:50  Drone  
  43  3:53  Overlord  
  43  3:55  Overlord  
  43  3:57  Drone x2  
  43  3:58  Queen  
  47  4:03  Drone x2  
  47  4:07  Drone  
  47  4:09  Drone x4  
  54  4:13  Zergling x2  
  54  4:14  Zergling x2  
  56  4:17  Zergling x2  
  56  4:27  Zergling x4  
  57  4:34  Drone x2  
  57  4:36  Drone  
  57  4:37  Drone  
  57  4:38  Drone x5, Overlord  
  65  4:40  Metabolic Boost  
  65  4:45  Zergling x2  
  65  4:49  Drone x2  
  68  4:56  Evolution Chamber, Drone  
  68  4:57  Evolution Chamber  
  68  4:59  Roach Warren, Extractor x2  
  64  5:00  Spore Crawler  
  64  5:01  Spore Crawler  
  64  5:03  Spore Crawler, Drone  
  64  5:04  Drone  
  64  5:06  Drone  
  64  5:08  Drone  
  64  5:09  Drone  
  64  5:10  Drone  
  67  5:15  Overlord  
  67  5:18  Drone x2  
  67  5:19  Queen  
  71  5:27  Drone x2, Extractor  
  72  5:28  Extractor  
  72  5:29  Drone  
  72  5:33  Drone x3  
  75  5:37  Drone x2  
  75  5:41  Zergling x2  
  75  5:42  Zergling x4  
  78  5:45  Zergling x4  
  78  5:48  Zergling x6  
  81  5:52  Zergling x2  
  81  5:56  Zergling x8  
  83  6:01  Roach  
  83  6:04  Roach  
  84  6:07  Roach x2  
  84  6:12  Roach  
  84  6:13  Roach  
  84  6:14  Roach  
  84  6:17  Roach  
  90  6:19  Roach  
  90  6:20  Roach x2  
Show
View Real Time Build Order
Export as new Build Order

love Protoss 

Build Orders:  

Get SALT Encoding   

  12  0:00  Probe (Chrono Boost)  
  13  0:10  Probe (Chrono Boost)  
  14  0:20  Pylon  
  14  0:22  Probe (Chrono Boost)  
  15  0:37  Probe (Chrono Boost)  
  16  0:47  Probe (Chrono Boost)  
  17  1:07  Nexus  
  17  1:15  Gateway  
  17  1:20  Assimilator  
  17  1:21  Probe (Chrono Boost)  
  18  1:33  Gateway  
  18  1:39  Probe (Chrono Boost), Assimilator  
  19  1:49  Probe (Chrono Boost)  
  19  1:53  Pylon  
  22  2:10  Cybernetics Core  
  22  2:21  Pylon  
  21  2:30  Zealot  
  20  2:40  Zealot  
  19  2:51  Probe (Chrono Boost)  
  20  3:03  Probe (Chrono Boost)  
  21  3:10  Adept (Chrono Boost)  
  17  3:44  Probe (Chrono Boost)  
  17  3:52  Adept (Chrono Boost)  
  17  3:55  Pylon  
  17  3:56  Probe (Chrono Boost)  
  17  4:02  Probe (Chrono Boost)  
  19  4:12  Probe (Chrono Boost)  
  20  4:32  Probe (Chrono Boost)  
  20  4:33  Adept (Chrono Boost)  
  21  4:41  Probe  
  21  4:43  Adept (Chrono Boost)  
  24  4:53  Probe  
  24  4:57  Adept (Chrono Boost)  
  27  5:00  Probe  
  27  5:05  Pylon  
  28  5:11  Adept (Chrono Boost)  
  30  5:19  Adept (Chrono Boost)  
  32  5:34  Adept (Chrono Boost)  
  34  5:51  Adept (Chrono Boost)  
  34  5:56  Adept (Chrono Boost)  
Tags
 
Add a new tag
Caveats
  • Supply blocks, unpowered buildings, or Contaminate may cause inaccurate times.
  • Supply counts are checked every 10 seconds.